Rick, neutral male human Healer ------------ |..........-#####-------- ---- |..........| #.......| +.<. |........... |....... -------- |...| #...........| |......| # |......| |...-# #------------ |......| ##........ -----# #### -----|-- #################|......| # # ####### # #|......| # # # # #|.....{| # # #################### # #-------- # # --------.-+---# ############# #### # |..........>.|# # #------- --------# |............|# ####-.....| |[...@.|# |............-# # |.....| |/m@f..-# -------------- ##......| -------- ------- Rick the Empiric Experience level: 3 Strength: 11 Dexterity: 7 Constitution: 16 Intelligence: 9 Wisdom: 17 Charisma: 17 Health: 0(24) Energy: 25(25) Def: 3 Gold: 953 Moves: 2052 Dungeon seed: tIwp1g8Q-WAKcASK Game ID: Rick_1500371376 Your Inventory: Coins $ - 953 gold pieces Weapons a - a +0 scalpel (weapon in hand) o - 6 cursed -1 ya Armor e - an uncursed +1 pair of leather gloves q - an uncursed +0 leather armor (being worn) z - a cursed -1 pair of gauntlets of fumbling (being worn) N - an uncursed +0 elven cloak (being worn) Comestibles t - 6 uncursed apples Scrolls w - an uncursed scroll of genocide y - an uncursed scroll of punishment Spellbooks h - a blessed spellbook of healing i - a blessed spellbook of extra healing j - a blessed spellbook of stone to flesh Potions c - 4 uncursed potions of healing d - 3 uncursed potions of extra healing f - a blessed potion of extra healing l - an uncursed potion of gain level r - an uncursed potion of fruit juice u - an uncursed potion of levitation Wands g - a wand of sleep (0:6) x - a cursed wand of polymorph (0:8) A - a wand of light (0:12) B - a wand of cold (0:6) C - a wand of cancellation (0:8) D - a wand of magic missile (0:7) E - a wand of striking (0:6) Tools b - an uncursed stethoscope k - an uncursed skeleton key Gems n - 2 uncursed garnet stones Spells and supernatural/magical abilities: Name Level Category Fail Memory h - healing 1 healing 0% 90% x - extra healing 3 healing 0% 90% S - stone to flesh 3 healing 0% 90% W - pray for help -- divine ? -- Your skills at the end: Fighting Skills Weapon Skills knife [Basic] Spellcasting Skills healing spells [Basic] Final Attributes: You were piously aligned. You were poison resistant. You fumbled. You were stealthy. You were held by a giant mimic. You are dead. Vanquished creatures: a giant bat 2 orc zombies an iguana a large kobold a brown mold a yellow mold a green mold 2 geckos 6 jackals 2 goblins 2 sewer rats 3 grid bugs a kobold zombie 3 newts 27 creatures vanquished. Voluntary challenges: You used a wielded weapon 37 times, starting on turn 131. You were illiterate. You never genocided any monsters. You never polymorphed an object. You never changed form. You used no wishes. You never split a pudding. You never wrote Elbereth's name. You never violated your personal moral code. Dungeon overview: The Dungeons of Doom: levels 1 to 5 Level 1 a long staircase Level 2 a fountain a long staircase Level 3 a fountain Level 4 Level 5 <- You were here a wand shop, a fountain History has recorded: On T:1 you entered the Dungeons of Doom to retrieve the Amulet of Yendor! On T:564 you advanced to experience level 2. On T:891 you reached level 3 of The Dungeons of Doom. On T:1278 you advanced to experience level 3. On T:1439 you reached level 4 of The Dungeons of Doom. On T:1758 you reached level 5 of The Dungeons of Doom. Score breakdown: Gold: 0 ( 0 points) Experience: 3 levels ( 7878 points) Exploration: 5 levels ( 9.62%) ( 8401 points) Discoveries: 1 item ( 0.34%) ( 1755 points) Valuables value: (no points given unless you survive) Artifact value: 0 ( 0 points) Variety of kills: 14 monsters ( 3.67%) ( 5750 points) Turncount: 2052 turns ( -38 points) Survival: died (score multiplied by 80%) Total score: 18996 Latest messages: You see here a balsa wand (113 zorkmids). Maui picks up a maple wand. You trip over it. You make a lot of noise! Maui drops a maple wand. "For you, esteemed sir; only 113 for this balsa wand." D - a balsa wand (unpaid, 113 zorkmids). You bought a balsa wand for 113 gold pieces. "Thank you for shopping in Llandrindod's quality apparel and accessories!" Maui picks up a wand. Maui drops a wand. You see here an ebony wand (113 zorkmids). "For you, esteemed sir; only 113 for this ebony wand." E - an ebony wand (unpaid, 113 zorkmids). You bought an ebony wand for 113 gold pieces. "Thank you for shopping in Llandrindod's quality apparel and accessories!" Wait! That's a giant mimic! You cannot escape from the giant mimic! Maui picks up a maple wand. You cannot escape from the giant mimic! The giant mimic hits! (2x) You die... Llandrindod gratefully inherits all your possessions. Final status: Goodbye Rick the Healer, killed by a giant mimic... You died in The Dungeons of Doom on dungeon level 5 with 18996 points, and 953 pieces of gold, after 2052 moves. You were level 3 with a maximum of 24 hit points when you died.